 Dungeon Crawl Stone Soup version 0.24.0-7-gb3623d2c88 (webtiles) character file.

Game seed: 8220231247326838847, levelgen mode: deterministic

4292 MTVSty1e the Basher (level 10, 0/57 HPs)
             Began as a Gargoyle Monk on Nov 2, 2019.
             Was an Initiate of Gozag.
             Slain by a yak (9 damage)
             ... on level 10 of the Dungeon.
             The game lasted 00:12:54 (8720 turns).

MTVSty1e the Basher (Gargoyle Monk)                 Turns: 8720, Time: 00:12:55

Health: 0/57       AC: 23    Str: 18    XL:     10   Next: 32%
Magic:  10/10      EV:  7    Int: 11    God:    Gozag
Gold:   604        SH:  0    Dex: 12    Spells: 9/9 levels left

rFire    . . .     SeeInvis +   p - +0 whip (pain)
rCold    . . .     Gourm    .   (no shield)
rNeg     + . .     Faith    .   s - +0 plate armour
rPois    ∞         Spirit   .   l - +1 helmet
rElec    +         Reflect  .   u - +0 cloak (curse)
rCorr    .         Harm     .   (no gloves)
MR       .....                  i - +1 pair of boots
Stlth    ..........             (no amulet)
HPRegen  0.19/turn              q - ring of see invisible
MPRegen  0.12/turn              z - +1 ring of evasion

@: gold aura, hasted (expiring), very quick
A: negative energy resistance 1, electricity resistance, unbreathing,
petrification resistance, rot immunity, AC +7
a: Potion Petition, Call Merchant, Bribe Branch, Renounce Religion


You were on level 10 of the Dungeon.
You worshipped Gozag.
Gozag was pleased with you.
You were very hungry.

You visited 2 branches of the dungeon, and saw 11 of its levels.
You also visited: Sewer.

You collected 779 gold pieces.
You spent 175 gold pieces at shops.

Inventory:

Hand Weapons
 p - a +0 whip of pain (weapon)
Armour
 i - a +1 pair of boots (worn)
 l - a +1 helmet (worn)
 s - a +0 plate armour (worn)
 u - a cursed +0 cloak (worn)
Jewellery
 g - an uncursed amulet of the gourmand
 q - a ring of see invisible (left hand)
 z - a +1 ring of evasion (right hand)
Wands
 a - a wand of disintegration (6)
Scrolls
 b - a scroll of enchant armour
 d - 5 scrolls of remove curse
 e - 7 scrolls of identify
 n - 4 scrolls of fear
 v - a scroll of amnesia
 w - 3 scrolls of teleportation
Potions
 f - a potion of resistance
 h - a potion of magic
 j - 3 potions of curing
 r - 3 potions of lignification
 t - a potion of flight
 x - a potion of invisibility
Miscellaneous
 o - a phial of floods
Comestibles
 c - 2 rations


   Skills:
 + Level 4.2 Fighting
 * Level 14.0 Maces & Flails
 + Level 2.3 Armour
 - Level 2.4 Dodging
 - Level 2.1 Stealth


You had 9 spell levels left.
You didn't know any spells.
Your spell library contained the following spells:

 Spells                   Type           Power        Failure   Level  Hunger
 Animate Skeleton         Necr           N/A          100%        1    ##.....
 Pain                     Necr           #...         100%        1    ##.....
 Regeneration             Chrm/Necr      #.........   100%        3    ####...
 Vampiric Draining        Necr           #.........   100%        3    ####...
 Animate Dead             Necr           N/A          100%        4    #####..


Dungeon Overview and Level Annotations

Branches:
Dungeon (10/15)            Temple (1/1) D:4            Lair (0/6) D:10
  Sewer (visited)
    Orc: D:9-12

Altars:
Ashenzari
Cheibriados
Dithmenos
Elyvilon
Fedhas
Gozag
Kikubaaqudgha
Makhleb
Nemelex Xobeh
Okawaru
Qazlal
Ru
Sif Muna
Uskayaw
Vehumet
Wu Jian
Xom
Yredelemnul
Zin

Shops:
D:5 ?   D:7 ?   D:9 [


Innate Abilities, Weirdness & Mutations

You are resistant to torment.
Your stone body is resilient. (AC +7)
You are immune to poison.
You resist negative energy. (rN+)
You are resistant to electric shocks. (rElec)
You can survive without breathing.
You are immune to petrification.
You are immune to rotting.


Message History

The yak gores you.
* * * LOW HITPOINT WARNING * * *
You hit the yak.
The yak is severely wounded.
You hit the yak.
The yak is severely wounded.
You hit the yak.
The yak is severely wounded.
You hit the yak.
The yak is almost dead.
The yak gores you but does no damage.
You hit the yak but do no damage.
The yak is almost dead.
You hit the yak.
The yak is almost dead.
You hit the yak but do no damage.
The yak is almost dead.
The yak gores you!
You die...
Your body crumbles into a pile of gold.

*,** *,,,,,,* *,*
***...,##########* **,*
*...,#$........* *,,*
*#.#*#.........* *,**
#.###.........* ,,*
######....(..(.....* ***
####......#*#.........*
#.........###.<$......* *
#........aY@$.........* *
#.........############* *
##.........#*
#####...........****
......#.....#...,,,***
....#....##...a.P,,,,**
.##.....###PP....*,,,,**
##......#*,......l,,,,,*
#.....#....,,,,,,,,,*,,**


You could see a yak and a worker ant.

Vanquished Creatures
  A two-headed ogre (D:9)
  A hippogriff (D:7)
  3 yaks (D:10)
  Grum (D:8)
  A porcupine (D:10)
  An orc warrior (D:7)
  An ice beast (D:8)
  2 sky beasts
  A black bear (D:6)
  A phantom (D:6)
  2 wolves (D:8)
  An ogre (D:9)
  4 centaurs
  3 crocodiles (D:10)
  A wyvern zombie (D:9)
  3 bullfrogs
  2 scorpions (D:7)
  4 killer bees (D:7)
  2 howler monkeys (D:4)
  3 centaur zombies
  5 orc wizards
  A bullfrog skeleton (D:4)
  A hound (D:7)
  A jelly (D:6)
  2 orc priests
  9 worker ants
  Terence (D:3)
  12 adders
  3 river rats (D:3)
  2 shadow imps
  2 oozes
  An adder skeleton (D:5)
  3 worms
  4 dart slugs
  4 leopard geckos
  11 orcs
  3 ball pythons
  5 bats
  16 giant cockroaches
  10 goblins
  9 hobgoblins
  5 jackals
  3 kobolds
  3 quokkas
  9 frilled lizards
  A jackal skeleton (D:6)
  A leopard gecko skeleton (D:8)
  A quokka skeleton (D:9)
  8 rats
174 creatures vanquished.

Vanquished Creatures (others)
  2 bushes (D:10)
  A fungus (D:10)
  A plant (D:10)
4 creatures vanquished.

Grand Total: 178 creatures vanquished

Notes
Turn   | Place    | Note
-------+----------+-------------------------------------------
     0 | D:1      | MTVSty1e the Gargoyle Monk began the quest for the Orb.
     0 | D:1      | Reached XP level 1. HP: 14/14 MP: 1/1
   116 | D:1      | Reached XP level 2. HP: 17/19 MP: 2/2
   470 | D:1      | Reached skill level 4 in Maces & Flails
   576 | D:1      | Reached XP level 3. HP: 21/23 MP: 3/3
  1002 | D:2      | Reached XP level 4. HP: 15/28 MP: 4/4
  1387 | D:2      | Reached skill level 5 in Maces & Flails
  1536 | D:3      | Found a faded altar of an unknown god.
  1895 | D:3      | Found a shattered altar of Ashenzari.
  1964 | D:3      | Reached XP level 5. HP: 27/32 MP: 5/5
  2057 | D:3      | Found a glowing drain.
  2061 | Sewer    | Entered a sewer
  2305 | Sewer    | Reached skill level 6 in Maces & Flails
  2412 | Sewer    | Reached XP level 6. HP: 30/37 MP: 6/6
  3283 | D:3      | Noticed Terence
  3297 | D:3      | Killed Terence
  3492 | D:4      | Reached skill level 7 in Maces & Flails
  3532 | D:4      | Noticed a sky beast
  3547 | D:4      | Killed a sky beast
  3547 | D:4      | Reached skill level 8 in Maces & Flails
  3547 | D:4      | Reached XP level 7. HP: 32/41 MP: 7/7
  4063 | D:4      | Found a staircase to the Ecumenical Temple.
  4069 | Temple   | Entered the Ecumenical Temple
  4075 | Temple   | Became a worshipper of Gozag Ym Sagoz the Greedy
  4573 | D:5      | Entered Level 5 of the Dungeon
  4816 | D:5      | Found an opulent altar of Gozag.
  4818 | D:5      | Found Giudduhiuz's Magic Scroll Boutique.
  4841 | D:5      | Bought a scroll of identify for 26 gold pieces
  4841 | D:5      | Bought a scroll of magic mapping for 45 gold pieces
  4841 | D:5      | Bought a scroll of teleportation for 39 gold pieces
  4841 | D:5      | Bought a scroll of identify for 26 gold pieces
  4841 | D:5      | Bought a scroll of teleportation for 39 gold pieces
  4992 | D:5      | Reached skill level 9 in Maces & Flails
  5234 | D:5      | Found a sacrificial altar of Ru.
  5240 | D:5      | Found a shadowy altar of Dithmenos.
  5430 | D:6      | Reached XP level 8. HP: 33/46 MP: 8/8
  5833 | D:6      | Found a shimmering blue altar of Sif Muna.
  6076 | D:6      | Reached skill level 10 in Maces & Flails
  6255 | D:6      | Found a stormy altar of Qazlal.
  6436 | D:7      | Noticed a hippogriff
  6469 | D:7      | Reached skill level 11 in Maces & Flails
  6487 | D:7      | Killed a hippogriff
  6487 | D:7      | Reached XP level 9. HP: 40/51 MP: 9/9
  6581 | D:7      | Found Vyowki Ifas's Magic Scroll Emporium.
  6976 | D:8      | Noticed Grum
  7004 | D:8      | Reached skill level 12 in Maces & Flails
  7010 | D:8      | Killed Grum
  7357 | D:8      | You fall into a shaft and drop 2 floors!
  7357 | D:10     | Entered Level 10 of the Dungeon
  7367 | D:10     | Noticed a troll
  7990 | D:9      | Found Cheibriados's Comfort Zone.
  7992 | D:9      | Found a snail-covered altar of Cheibriados.
  8140 | D:9      | Noticed a two-headed ogre
  8175 | D:9      | Killed a two-headed ogre
  8175 | D:9      | Reached skill level 13 in Maces & Flails
  8175 | D:9      | Reached XP level 10. HP: 32/56 MP: 10/10
  8540 | D:10     | Reached skill level 1 in Armour
  8686 | D:10     | Reached skill level 14 in Maces & Flails
  8720 | D:10     | Slain by a yak

Levels and vault maps discovered:
D:1:      sevenhm_arrival_forest_fort_small_3, layout_basic, nrook_uturn
D:2:      layout_loops_ring, first_ration
D:3:      layout_loops_ring, nicolae_ashenzari_panopticon,
          gup_sewer_entry_spiral, chequers_ecumenical_altar_simple_redux,
          uniq_terence
D:4:      layout_rooms, minmay_temple_entry_offerings, kennysheep_crisscross
D:5:      layout_cave_pools, amethyst_overflow_temple_binary, serial_shops,
          shop, chequers_serial_rivers_small_b, roderic_malta_cross,
          nicolae_gozag_seed_capital
D:6:      layout_loops_ring, nicolae_qazlal_eye_of_the_storm, led_sif_pool
D:7:      layout_basic, serial_shops, nicolae_shop_trees
D:8:      layout_rooms, minitemple, hangedman_pestilent_swarm, uniq_grum
D:9:      layout_roguey, minmay_shop_chei
D:10:     layout_rooms, minmay_lair_entry_grove, gammafunk_ghost_hive
Temple:   eino_narrow_crystal_temple

Skill      XL: |  1  2  3  4  5  6  7  8  9 10 |
---------------+-------------------------------+-----
Maces & Flails | 4 5 6 8 9 11 13 14 | 14.0
Armour         | 2 |  2.3
Fighting       | 4 |  4.2
Dodging        | |  2.4
Stealth        | |  2.1

Action                   |  1- 3 |  4- 6 |  7- 9 | 10-12 || total
-------------------------+-------+-------+-------+-------++-------
Melee: Mace              |   112 |   307 |    47 |       ||   466
       Whip              |       |       |   630 |   178 ||   808
Invok: Potion Petition   |       |       |     1 |       ||     1
  Use: Scroll            |     2 |     1 |    15 |       ||    18
       Potion            |       |     1 |     5 |     1 ||     7
 Stab: Sleeping          |     1 |     1 |       |       ||     2
       Distracted        |       |       |     1 |     1 ||     2
  Eat: Chunk             |       |     5 |       |       ||     5
       Ration            |       |     2 |     4 |       ||     6
Armor: Robe              |     4 |       |       |       ||     4
       Leather armour    |    58 |     3 |       |       ||    61
       Chain mail        |       |   224 |   200 |       ||   424
       Plate armour      |       |       |   162 |    47 ||   209
Dodge: Dodged            |    82 |   120 |   164 |    16 ||   382
